 Dungeon Crawl Stone Soup version 0.19-a0-733-geeb8733 (webtiles) character file.

8080 Etesian the Cleaver (level 11, -1/95 HPs)
             Began as a Centaur Fighter on June 22, 2016.
             Was an Elder of Okawaru.
             Slain by a white ugly thing (31 damage)
             ... on level 11 of the Dungeon.
             The game lasted 00:30:25 (15484 turns).

Etesian the Cleaver (Centaur Fighter)              Turns: 15484, Time: 00:30:26

Health: -1/95      AC: 13    Str: 20    XL:     11   Next: 5%
Magic:  11/11      EV:  4    Int:  7    God:    Okawaru [****..]
Gold:   623        SH: 12    Dex: 11    Spells: 0 memorised, 10 levels left

rFire  + . .     SeeInvis .     a - +1 war axe (flame)
rCold  . . .     Gourm    .     y - +1 chain mail {rF+}
rNeg   . . .     Faith    .     D - +2 shield
rPois  .         Spirit   .     (no helmet)
rElec  .         Dismiss  .     (no cloak)
rCorr  .         Reflect  .     m - +2 pair of gloves
SustAt .         Harm     .     (no barding)
MR     .....                    B - amulet of regeneration
Stlth  ..........               (no ring)
                                (no ring)

@: very quick, not resistant to hostile enchantments, extremely unstealthy
A: hooves 3, deformed body, speed 2, tough skin 3
a: Heroism, Renounce Religion


You were on level 11 of the Dungeon.
You worshipped Okawaru.
Okawaru was greatly pleased with you.
You were not hungry.

You visited 1 branch of the dungeon, and saw 11 of its levels.

You collected 623 gold pieces.

Inventory:

Hand Weapons
 a - a +1 war axe of flaming (weapon)
 c - a +3 blowgun
Missiles
 l - 6 curare-tipped needles
 v - 22 poisoned needles
 E - 7 poisoned tomahawks (quivered)
Armour
 m - a +2 pair of gloves (worn)
 y - a +1 chain mail of fire resistance (worn)
 D - a +2 shield (worn)
Jewellery
 h - an uncursed ring of fire
 B - an amulet of regeneration (around neck)
Wands
 r - a wand of teleportation (7/9)
 u - a wand of disintegration (15/24)
 z - a wand of iceblast (3/15)
Scrolls
 i - 5 scrolls of teleportation
 q - 7 scrolls of remove curse
 t - 3 scrolls of enchant armour
 w - a scroll of blinking
 x - 5 scrolls of recharging
 A - a scroll of enchant weapon
Potions
 d - a potion of might
 e - a potion of flight
 g - 5 potions of curing
 j - 4 potions of heal wounds
 k - 2 potions of brilliance
 n - a potion of haste
 p - 2 potions of lignification
 s - a potion of resistance
Comestibles
 b - 8 slices of pizza
 f - 7 bread rations
 o - 3 beef jerkies
 C - 13 chunks of flesh


   Skills:
 + Level 8.3 Fighting
 * Level 9.5(9.8) Axes
   Level 3.3(6.9) Maces & Flails
 + Level 6.2 Armour
 + Level 6.3 Shields


You had 10 spell levels left.
You didn't know any spells.

Dungeon Overview and Level Annotations

Branches:
Dungeon (11/15)            Temple (0/1) D:7            Lair (0/6) D:11
    Orc (0/2) D:9

Altars:
Ashenzari
Dithmenos
Fedhas
Hepliaklqana
Kikubaaqudgha
Makhleb
Nemelex Xobeh
Okawaru
Qazlal
Ru
Sif Muna
Trog
Xom
Yredelemnul
The Shining One

Shops:
D:4 [   D:10 *


Innate Abilities, Weirdness & Mutations

You have hooves in place of feet.
Armour fits poorly on your strangely shaped body.
You cover ground very quickly.
You have extremely tough skin. (AC +3)


Message History

The white ugly thing is lightly wounded.
The white ugly thing claws you but does no damage.
You closely miss the white ugly thing.
The white ugly thing is lightly wounded.
The white ugly thing claws you. The white ugly thing freezes you!!
You take 24 damage, and have 71/95 hp.
MASSIVE DAMAGE!!
You slash the white ugly thing! You burn the white ugly thing.
The white ugly thing is moderately wounded.
You block the white ugly thing's attack.
You slash the white ugly thing! You burn the white ugly thing.
You kick the white ugly thing.
The white ugly thing is heavily wounded.
The white ugly thing barely misses you.
You slash the white ugly thing! You burn the white ugly thing.
The white ugly thing is severely wounded.
The white ugly thing claws you! The white ugly thing freezes you!!
You barely miss the white ugly thing. Your kick misses the white ugly thing.
The white ugly thing is severely wounded.
The white ugly thing claws you. The white ugly thing freezes you!!
You die...

#.##.#####
...<....
#......#
#......###
#........
#......#
#...u..#
#...@..#
####.###
#..# ##.#
#.# #.#
#.# #.#
#.#


You could see a white ugly thing.

Vanquished Creatures
  A deep elf mage (D:10)
  The ghost of vogonpoet the Gouger, a novice FeBe of Trog (D:8)
  The ghost of blinkfrog the Chopper, a novice DsGl of Uskayaw (D:6)
  The ghost of Etesian the Cudgeler, an amateur CeFi (D:4)
  3 trolls
  A polar bear (D:10)
  Grinder (D:4)
  A human (D:9)
  2 wargs
  6 orc warriors
  Duvessa (D:5)
  5 ice beasts
  A phantom (D:4)
  3 sky beasts
  A necrophage (D:6)
  2 centaurs
  5 ogres
  Blork the orc (D:4)
  2 big kobolds
  2 gnoll sergeants
  5 giant frogs
  Dowan (D:5)
  A scorpion (D:7)
  A wyvern skeleton (D:6)
  8 killer bees
  2 howler monkeys
  4 wights (D:9)
  5 crimson imps
  3 hounds
  A quasit (D:6)
  A giant frog zombie (D:11)
  A jelly (D:7)
  4 centaur skeletons
  2 giant frog skeletons
  10 orc priests
  2 iguanas
  10 orc wizards
  Natasha (thrice) (D:3)
  8 worker ants
  A hound zombie (D:5)
  2 hound skeletons
  2 worker ant zombies
  5 adders
  11 gnolls
  A howler monkey skeleton (D:6)
  A shadow imp (D:5)
  A white imp (D:10)
  2 oozes
  2 worms
  5 dart slugs
  7 giant geckos
  46 orcs
  A ball python (D:4)
  3 giant cockroaches
  9 hobgoblins
  29 jackals
  15 kobolds
  11 quokkas
  3 bats
  A giant gecko skeleton (D:6)
  7 giant newts
  8 goblins
  A quokka skeleton (D:9)
  6 rats
  2 butterflies (D:6)
295 creatures vanquished.

Vanquished Creatures (others)
  5 sheep (D:8)
5 creatures vanquished.

Grand Total: 300 creatures vanquished

Notes
Turn   | Place    | Note
--------------------------------------------------------------
     0 | D:1      | Etesian the Centaur Fighter began the quest for the Orb.
     0 | D:1      | Reached XP level 1. HP: 19/19 MP: 1/1
   329 | D:1      | Reached XP level 2. HP: 22/26 MP: 2/2
   678 | D:1      | Reached XP level 3. HP: 31/31 MP: 3/3
  1871 | D:2      | Reached XP level 4. HP: 38/38 MP: 4/4
  2055 | D:2      | Found a basalt altar of Yredelemnul.
  2164 | D:2      | Found a shattered altar of Ashenzari.
  2164 | D:2      | Found a deep blue altar of Sif Muna.
  2730 | D:3      | Found a hazy altar of Hepliaklqana.
  3405 | D:3      | Reached XP level 5. HP: 37/46 MP: 5/5
  3694 | D:3      | Found a stormy altar of Qazlal.
  3703 | D:3      | Noticed Natasha
  3710 | D:3      | Killed Natasha
  3925 | D:3      | Found a hazy altar of Hepliaklqana.
  3933 | D:3      | Noticed Natasha
  3950 | D:3      | Killed Natasha
  3950 | D:3      | Reached skill level 1 in Axes
  4278 | D:3      | Found a hazy altar of Hepliaklqana.
  4358 | D:3      | Found a stormy altar of Qazlal.
  4360 | D:3      | Noticed Natasha
  4368 | D:3      | Killed Natasha
  4567 | D:4      | Noticed Blork the orc
  4576 | D:4      | Killed Blork the orc
  4576 | D:4      | Reached XP level 6. HP: 38/52 MP: 6/6
  4699 | D:4      | Found a glowing golden altar of the Shining One.
  4764 | D:4      | Reached skill level 2 in Axes
  4778 | D:4      | Found a sacrificial altar of Ru.
  4926 | D:4      | Noticed Grinder
  4936 | D:4      | Paralysed by Grinder for 5 turns
  4946 | D:4      | Paralysed by Grinder for 3 turns
  4952 | D:4      | Killed Grinder
  4952 | D:4      | Reached skill level 3 in Axes
  4952 | D:4      | Reached XP level 7. HP: 19/60 MP: 7/7
  5282 | D:4      | Noticed Etesian's ghost (amateur CeFi)
  5408 | D:4      | Killed Etesian's ghost
  5408 | D:4      | Reached skill level 4 in Axes
  5620 | D:4      | Reached XP level 8. HP: 50/67 MP: 8/8
  5712 | D:4      | Found a shadowy altar of Dithmenos.
  5725 | D:4      | Reached skill level 5 in Fighting
  5957 | D:4      | Found Teabug's Armour Boutique.
  6149 | D:5      | Entered Level 5 of the Dungeon
  6212 | D:5      | Found a burning altar of Makhleb.
  6520 | D:5      | Noticed Dowan
  6524 | D:5      | Noticed Duvessa
  6550 | D:5      | Killed Duvessa
  6550 | D:5      | Reached skill level 5 in Axes
  6570 | D:5      | Killed Dowan
  6889 | D:5      | Found an iron altar of Okawaru.
  6904 | D:5      | Became a worshipper of Warmaster Okawaru
  7008 | D:5      | Found an iron altar of Okawaru.
  7765 | D:6      | Found an ancient bone altar of Kikubaaqudgha.
  7801 | D:6      | Found a shimmering altar of Xom.
  8027 | D:6      | Found a blossoming altar of Fedhas.
  8058 | D:6      | Reached XP level 9. HP: 63/75 MP: 9/9
  8075 | D:6      | Noticed blinkfrog's ghost (novice DsGl)
  8203 | D:6      | Reached skill level 6 in Axes
  8558 | D:6      | Found a burning altar of Makhleb.
  9066 | D:6      | Found a bloodstained altar of Trog.
  9193 | D:6      | Reached * piety under Okawaru
  9902 | D:7      | Found a staircase to the Ecumenical Temple.
 10221 | D:7      | Reached skill level 5 in Shields
 10382 | D:8      | Reached skill level 7 in Axes
 10382 | D:8      | Reached skill level 5 in Armour
 10676 | D:8      | Noticed vogonpoet's ghost (novice FeBe)
 11213 | D:8      | Found a shimmering altar of Xom.
 11655 | D:6      | Found an ancient bone altar of Kikubaaqudgha.
 11797 | D:6      | Killed blinkfrog's ghost
 11797 | D:6      | Reached ** piety under Okawaru
 11797 | D:6      | Reached XP level 10. HP: 51/86 MP: 10/10
 11915 | D:8      | Killed vogonpoet's ghost
 12030 | D:8      | Reached skill level 8 in Axes
 12226 | D:9      | Found a staircase to the Orcish Mines.
 12350 | D:9      | Reached *** piety under Okawaru
 12721 | D:9      | Found a sparkling altar of Nemelex Xobeh.
 13449 | D:10     | Entered Level 10 of the Dungeon
 13693 | D:10     | Reached skill level 9 in Axes
 14045 | D:10     | Noticed a death yak
 14294 | D:10     | Found Cotsadwe's General Store.
 14579 | D:10     | Found a shadowy altar of Dithmenos.
 14579 | D:10     | Noticed a deep elf mage
 14590 | D:10     | Killed a deep elf mage
 15227 | D:11     | Found a staircase to the Lair.
 15230 | D:11     | Reached **** piety under Okawaru
 15233 | D:11     | Received a gift from Okawaru
 15233 | D:11     | Reached XP level 11. HP: 82/94 MP: 11/11
 15476 | D:11     | Noticed a white ugly thing
 15484 | D:11     | Slain by a white ugly thing

Vault maps used:
D:1:      dpeg_arrival_sounds_slurp, st_stairs_7
D:2:      gammafunk_temple_overflow_forgotten, hangedman_decor_growths
D:3:      wad_woods_stonehenge, nicolae_qazlal_general_emergency,
          grunt_decor_one_mirror, uniq_natasha
D:4:      kennysheep_mini_moat, nicolae_dithmenos_the_darkroom,
          lemuel_coloured_pillars_altar, first_bread, serial_shops, shop,
          uniq_grinder, uniq_blork_the_orc
D:5:      old_standard_altar, basic_altar, lightli_minifort, uniq_duvessa
D:6:      kennysheep_little_box, nicolae_overflow_crystal_walls,
          makhleb_blood_cavern_becter, xom_butterflies, lemuel_crystal_altar,
          moated_statue
D:8:      kb_xom_exploding_sheep
D:9:      david_orc_2, grunt_pizzeria, minmay_stone_trees_small,
          nemelex_dance_club_becter
D:10:     serial_shops, shop, serial_ice, serial_ice_e, serial_ice_c,
          serial_ice_d, serial_ice_b, david_defended_altar_elf
D:11:     erik_lair_orcish_takeover, roderic_curled_sauvastika,
          grunt_ministairs_15, nicolae_tso_swordbearing_angel, uniq_psyche,
          uniq_snorg, uniq_josephine

Skill      XL: |  1  2  3  4  5  6  7  8  9 10 |
---------------+-------------------------------+-----
Maces & Flails | 2 3 |  3.3
Axes           | 1 3 4 5 7 9 |  9.5
Fighting       | 4 6 7 8 |  8.3
Shields        | 3 4 5 6 |  6.3
Armour         | 3 4 5 6 |  6.2

Action                   |  1- 3 |  4- 6 |  7- 9 | 10-12 || total
-------------------------+-------+-------+-------+-------++-------
Melee: Flail             |   152 |   227 |       |       ||   379
       Kick              |    28 |    56 |   182 |   121 ||   387
       Hand axe          |       |    90 |   636 |   226 ||   952
       War axe           |       |       |       |   194 ||   194
 Fire: Blowgun           |       |       |       |     1 ||     1
Invok: Heroism           |       |       |     1 |     1 ||     2
  Use: Scroll            |     5 |    10 |     5 |     3 ||    23
       Potion            |       |     1 |     1 |       ||     2
  Eat: Chunk             |     2 |     9 |    15 |     7 ||    33
       Bread ration      |       |       |     1 |     1 ||     2
       Fruit             |       |       |       |     1 ||     1
Armor: Scale mail        |   102 |   185 |   168 |       ||   455
       Chain mail        |       |       |    77 |   203 ||   280
Dodge: Dodged            |    41 |    66 |   105 |    70 ||   282
Block: Shield            |    86 |   174 |   333 |   250 ||   843
